 Dungeon Crawl Stone Soup version 0.17.1-1-g73c8601 (webtiles) character file.

1731 Implojin the Grappler (level 8, -7/74 HPs)
             Began as a Troll Fighter on Apr 8, 2016.
             Was a Follower of Okawaru.
             Killed from afar by a deep elf mage (13 damage)
             ... with a flame tongue
             ... on level 9 of the Dungeon.
             The game lasted 00:10:16 (1750 turns).

Implojin the Grappler (Troll Fighter)               Turns: 1750, Time: 00:10:16

Health: -7/74      AC:  6    Str: 25    XL:     8   Next: 76%
Magic:  7/7        EV:  8    Int:  4    God:    Okawaru [*.....]
Gold:   15         SH:  9    Dex: 11    Spells: 0 memorised, 7 levels left

rFire  . . .     SeeInvis +       - Unarmed
rCold  . . .     Clarity  .     p - +1 robe of Modesty {rN+ MR+ Slay+3}
rNeg   + . .     SustAt   .     b - +0 shield
rPois  .         Gourm    +     (helmet restricted)
rElec  .         Spirit   .     (no cloak)
rCorr  .         Warding  .     (gloves unavailable)
rMut   .         Stasis   .     (boots unavailable)
MR     +....                    (no amulet)
Stlth  +.........               (no ring)
                                f - ring of see invisible

@: somewhat resistant to hostile enchantments, very unstealthy
A: unfitting armour, claws 3, fast metabolism 3, gourmand, regeneration 2,
shaggy fur 1, tough skin 2
a: Heroism, Renounce Religion


You were on level 9 of the Dungeon.
You worshipped Okawaru.
Okawaru was aware of your devotion.
You were very full.

You visited 2 branches of the dungeon, and saw 11 of its levels.

You collected 41 gold pieces.
You spent 26 gold pieces at shops.

Inventory:

Missiles
 E - 2 tomahawks (quivered)
Armour
 a - a +0 robe
 b - a +0 shield (worn)
 p - the +1 robe of Modesty (worn) {rN+ MR+ Slay+3}
   (You found it on level 5 of the Dungeon)

   It affects your accuracy and damage with ranged weapons and melee attacks
   (+3).
   It protects you from negative energy.
   It affects your resistance to hostile enchantments.
 A - a +0 large shield
Jewellery
 f - a ring of see invisible (left claw)
 k - an uncursed ring of wizardry
 o - an uncursed ring of ice
Wands
 r - a wand of confusion (8)
Scrolls
 e - 6 scrolls of magic mapping {unknown}
 g - a scroll of enchant armour {unknown}
 h - 3 scrolls of remove curse {unknown}
 l - a scroll of fog
 m - a scroll of blinking {unknown}
 q - a scroll of holy word {unknown}
 s - a scroll of random uselessness {unknown}
 v - a scroll of teleportation {unknown}
 x - 3 scrolls of amnesia {unknown}
 y - 2 scrolls of noise {unknown}
 C - a scroll of enchant weapon {unknown}
Potions
 c - 3 potions of might
 i - 2 potions of brilliance
 j - 6 potions of curing
 n - a potion of magic
 u - 2 potions of heal wounds
 B - a potion of flight
 D - 2 potions of haste
Books
 F - a book of Minor Magic

   Spells                             Type                      Level
   a - Magic Dart                     Conjuration                  1
   b - Blink                          Translocation                2
   c - Call Imp                       Summoning                    2
   d - Repel Missiles                 Charms/Air                   2
   e - Slow                           Hexes                        2
   f - Conjure Flame                  Conjuration/Fire             3
   g - Mephitic Cloud                 Conjuration/Poison/Air       3
Comestibles
 d - 5 bread rations
 t - 3 meat rations
 w - a beef jerky
 z - 7 fruits


   Skills:
 - Level 2.4 Fighting
 - Level 2.4 Dodging
 - Level 2.4 Shields
 * Level 11.3 Unarmed Combat


You had 7 spell levels left.
You didn't know any spells.

Dungeon Overview and Level Annotations

Branches:
Dungeon (10/15)            Temple (1/1) D:4
   Lair: D:8-11         Orc: D:9-12

Altars:
Dithmenos
Gozag
Okawaru
Ru
Trog
Vehumet
The Shining One

Shops:
D:8 ?

Annotations:
D:5 exclusion: upstairs


Innate Abilities, Weirdness & Mutations

You are too large for most types of armour.
You have claws for hands.
Your metabolism is lightning-fast.
You like to eat raw meat.
You heal very quickly.
You are covered in fur (AC +1).
You have very tough skin (AC +2).


Message History

You block the gnoll's attack.
The orc wizard hits you but does no damage.
The gnoll hits you from afar with a spear.
An orc comes into view. It is wielding a hand axe.
You scratch the gnoll.
You kill the gnoll!
Okawaru accepts your kill.
The orc wizard hits you but does no damage.
You scratch the orc wizard.
The orc wizard is heavily wounded.
The gnoll hits you from afar with a spear!
You block the orc wizard's attack.
You claw the orc wizard!
You kill the orc wizard!
Okawaru accepts your kill.
The deep elf mage gestures at you while chanting.
The orb of energy hits you!
* * * LOW HITPOINT WARNING * * *
The gnoll hits you from afar with a spear.
* * * LOW HITPOINT WARNING * * *
The orc hits you but does no damage. The orc hits you but does no damage.
The gnoll hits you with a spear.
* * * LOW HITPOINT WARNING * * *
Things that are here:
a club; a halberd; a gnoll corpse The gnoll barely misses you.
You block the gnoll's attack.
There is a stone staircase leading up here.
The orc hits you but does no damage.
The orc warrior hits you with a short sword!
* * * LOW HITPOINT WARNING * * *
The gnoll hits you from afar with a spear.
* * * LOW HITPOINT WARNING * * *
You climb upwards.
The battlesphere dissipates.
There is a stone staircase leading down here.
The orc warrior hits you with a short sword.
* * * LOW HITPOINT WARNING * * *
The deep elf mage casts a spell at you. The flame tongue hits you!
You die...

#.# #.# #.#
##.####.####
#.........e#
....####.##...y.
. ##...######
#..eoo# ##..@##
##.## #.# #.#
#+#


You could see an orc warrior, a deep elf mage and an orc.

Vanquished Creatures
  Menkaure (D:7)
  An eye of draining (D:8)
  A black bear (D:7)
  5 ogres
  3 centaurs
  3 giant frogs
  A big kobold (D:10)
  A scorpion (D:7)
  2 crimson imps
  A giant frog zombie (D:6)
  2 hounds
  2 orc wizards (D:10)
  2 giant frog skeletons
  2 worker ants
  The ghost of Implojin the Ruffian, a weakling TrFi (D:6)
  A hound zombie (D:6)
  3 adders
  2 gnolls (D:10)
  A shadow imp (D:9)
  An adder zombie (D:6)
  A giant gecko (D:10)
  3 orcs
  7 goblins
  3 hobgoblins
  6 jackals
  8 kobolds
  A quokka (D:7)
  A ball python (D:3)
  A bat (D:1)
  A giant newt (D:3)
  4 rats
72 creatures vanquished.

Notes
Turn   | Place    | Note
--------------------------------------------------------------
     0 | D:1      | Implojin the Troll Fighter began the quest for the Orb.
     0 | D:1      | Reached XP level 1. HP: 22/22 MP: 0/0
   148 | D:2      | Reached XP level 2. HP: 27/29 MP: 1/1
   170 | D:2      | Reached skill level 3 in Unarmed Combat
   218 | D:2      | Reached XP level 3. HP: 32/36 MP: 2/2
   258 | D:5      | Entered Level 5 of the Dungeon
   264 | D:5      | Got a ripped robe
   275 | D:5      | Identified the +1 robe of Modesty {rN+ MR+ Slay+3} (You found it on level 5 of the Dungeon)
   298 | D:6      | Noticed an ogre
   316 | D:6      | Noticed Implojin's ghost (weakling TrFi)
   319 | D:6      | Noticed a centaur
   327 | D:6      | Reached skill level 4 in Unarmed Combat
   341 | D:6      | Killed an ogre
   341 | D:6      | Reached skill level 5 in Unarmed Combat
   341 | D:6      | Reached XP level 4. HP: 28/44 MP: 3/3
   341 | D:6      | Reached XP level 5. HP: 31/50 MP: 4/4
   347 | D:6      | Killed a centaur
   347 | D:6      | Reached skill level 6 in Unarmed Combat
   441 | D:6      | Killed Implojin's ghost
   441 | D:6      | Reached XP level 6. HP: 20/59 MP: 5/5
   510 | D:7      | Noticed Menkaure
   518 | D:7      | Killed Menkaure
   518 | D:7      | Reached skill level 7 in Unarmed Combat
   546 | D:7      | Reached XP level 7. HP: 61/66 MP: 6/6
   574 | D:6      | Noticed a giant frog
   577 | D:6      | Killed a giant frog
   577 | D:6      | Reached skill level 8 in Unarmed Combat
   691 | D:6      | Noticed a giant frog
   696 | D:6      | Killed a giant frog
   781 | D:7      | Reached skill level 9 in Unarmed Combat
   967 | D:7      | Reached XP level 8. HP: 43/74 MP: 7/7
  1290 | D:4      | Noticed an ogre
  1295 | D:4      | Found a staircase to the Ecumenical Temple.
  1304 | D:4      | Killed an ogre
  1304 | D:4      | Reached skill level 10 in Unarmed Combat
  1308 | D:4      | Noticed a centaur
  1315 | Temple   | Entered the Ecumenical Temple
  1323 | Temple   | Became a worshipper of Warmaster Okawaru
  1337 | D:4      | Killed a centaur
  1542 | D:8      | Found Dylollod's Magic Scroll Boutique.
  1545 | D:8      | Bought a scroll of identify for 26 gold pieces
  1565 | D:8      | Found a flagged portal.
  1694 | D:9      | Reached skill level 11 in Unarmed Combat
  1713 | D:10     | Entered Level 10 of the Dungeon
  1722 | D:10     | Reached * piety under Okawaru
  1750 | D:9      | Killed from afar by a deep elf mage

Action                   |  1- 3 |  4- 6 |  7- 9 || total
-------------------------+-------+-------+-------++-------
Melee: Unarmed           |    51 |    35 |   129 ||   215
Throw: Tomahawk          |       |       |     1 ||     1
  Use: Scroll            |       |       |     7 ||     7
 Stab: Sleeping          |     1 |       |       ||     1
  Eat: Chunk             |     1 |       |    19 ||    20

Table legend:
 A = Turns spent in this place as a percentage of turns spent in the entire game.
 B = Non-inter-level travel turns spent in this place as a percentage of non-inter-level travel turns spent in the entire game.
 C = Inter-level travel turns spent in this place as a percentage of turns spent in this place.
 D = Turns resting spent in this place as a percentage of non-inter-level travel turns spent in this place.
 E = Turns spent auto-exploring this place as a percentage of non-inter-level travel turns spent in this place.
 F = Non-inter-level travel turns spent in this place divided by the number of levels of this place that you've seen.
                   A       B       C       D       E      F
               +-------+-------+-------+-------+-------+----------------------
         Total | 100.0 | 100.0 |   0.0 |   0.0 |   0.0 | 152.6
       Dungeon |  99.0 |  99.0 |   0.0 |   0.0 |   0.0 | 166.2
        Temple |   1.0 |   1.0 |   0.0 |   0.0 |   0.0 |  17.0
               +-------+-------+-------+-------+-------+----------------------

Table legend:
 A = Kills in this place as a percentage of kills in entire the game.
 B = Kills by you in this place as a percentage of kills by you in the entire game.
 C = Kills by friends in this place as a percentage of kills by friends in the entire game.
 D = Other kills in this place as a percentage of other kills in the entire game.
 E = Experience gained in this place as a percentage of experience gained in the entire game.
 F = Experience gained in this place divided by the number of levels of this place that you have seen.
                   A       B       C       D       E      F
               +-------+-------+-------+-------+-------+----------------------
         Total | 100.0 | 100.0 |  -nan |  -nan | 100.0 | 224.8
       Dungeon | 100.0 | 100.0 |  -nan |  -nan | 100.0 | 247.3
               +-------+-------+-------+-------+-------+----------------------
